 Dungeon Crawl Stone Soup version 0.30-a0-672-gc3a7216ad8 (webtiles) character file.

Game seed: 18413942907856670452

3331 funkygono the Thaumaturge (level 9, -1/59 HPs)
             Began as a Demonspawn Fire Elementalist on Jan 17, 2023.
             Was an Initiate of Vehumet.
             Slain by a yak (10 damage)
             ... on level 7 of the Dungeon on Jan 18, 2023.
             The game lasted 00:19:21 (11349 turns).

funkygono the Thaumaturge (DsFE)                   Turns: 11349, Time: 00:19:22

Health: -1/59      AC:  9    Str:  8    XL:     9   Next: 71%
Magic:  8/21       EV: 16    Int: 20    God:    Vehumet [......]
Gold:   585        SH:  4    Dex: 15    Spells: 14/24 levels left

rFire   . . .      SeeInvis .    y - +2 mace (protect)
rCold   . . .      Faith    .    (no shield)
rNeg    . . .      Spirit   .    A - +0 steam dragon scales
rPois   .          Reflect  .    j - +0 helmet
rElec   .          Harm     .    h - +1 cloak
rCorr   .          Rampage  .    (no gloves)
Will    .....                    d - +0 pair of boots
Stlth   ++                       (no amulet)
HPRegen 0.29/turn                l - ring of flight
MPRegen 0.17/turn                (no ring)

@: flying
A: repulsion field 2, demonic guardian 2, condensation shield, weakness stinger
1
a: Renounce Religion


You were on level 7 of the Dungeon.
You worshipped Vehumet.
Vehumet was noncommittal.
You visited 2 branches of the dungeon, and saw 9 of its levels.
You also visited: Sewer.

You collected 585 gold pieces.

Inventory:

Hand Weapons
 b - a +0 whip of protection
 c - a +1 dagger of freezing
 y - a +2 mace of protection (weapon)
Missiles
 t - a throwing net
Armour
 d - a +0 pair of boots (worn)
 h - a +1 cloak (worn)
 j - a +0 helmet (worn)
 A - +0 steam dragon scales (worn)
Magical Staves
 x - a staff of cold
Jewellery
 l - a ring of flight (left hand)
Wands
 f - a wand of flame (28) (quivered)
 s - a wand of polymorph (9)
 v - a wand of charming (14)
 C - a wand of mindburst (8)
Scrolls
 a - a scroll of teleportation
 e - 2 scrolls of amnesia
 p - 3 scrolls of blinking
 r - a scroll of fog
Potions
 g - 2 potions of ambrosia
 i - 3 potions of curing
 k - a potion of cancellation {unknown}
 m - a potion of attraction {unknown}
 n - a potion of mutation {unknown}
 o - 4 potions of lignification
 q - 3 potions of might
 u - 2 potions of berserk rage {unknown}
 w - a potion of heal wounds {unknown}
 z - a potion of haste {unknown}
 B - 3 potions of degeneration {unknown}


   Skills:
 + Level 1.0 Fighting
 + Level 1.5 Maces & Flails
 + Level 3.8 Dodging
 - Level 1.7 Stealth
 + Level 1.0 Shields
 + Level 8.2 Spellcasting
 + Level 5.8 Conjurations
 + Level 7.5 Fire Magic


You had 14 spell levels left.
You knew the following spells:

 Your Spells              Type           Power      Damage    Failure   Level
a - Foxfire               Conj/Fire      100%       2x1d9     1%          1
b - Scorch                Fire           76%        2d8       1%          2
c - Kindle Blastsparks    Fire/Tloc/Air  36%        2d13      9%          3
d - Flame Wave            Conj/Fire      35%        2d10      5%          4

Your spell library contained the following spells:

 Spells                   Type           Power      Damage    Failure   Level
 Kiss of Death            Conj/Necr      76%        2d11      2%          1
 Momentum Strike          Conj/Tloc      38%        3d9       3%          2
 Inner Flame              Hex/Fire       23%        N/A       5%          3
 Hailstorm                Conj/Ice       19%        3d6       8%          3
 Apportation              Tloc           16%        N/A       9%          1
 Freeze                   Ice            32%        1d5       9%          1
 Blink                    Tloc           16%        N/A       13%         2
 Ensorcelled Hibernation  Hex/Ice        16%        N/A       13%         2
 Lesser Beckoning         Tloc           16%        N/A       13%         2
 Passwall                 Tmut/Erth      6%         N/A       13%         2
 Confusing Touch          Hex            8%         N/A       26%         3
 Frozen Ramparts          Ice            16%        1d3       26%         3
 Spider Form              Tmut/Pois      8%         N/A       26%         3
 Swiftness                Air            8%         N/A       26%         3
 Anguish                  Hex/Necr       4%         N/A       63%         4
 Dispel Undead            Necr           8%         3d8       63%         4
 Petrify                  Tmut/Erth      8%         N/A       63%         4
 Alistair's Intoxication  Tmut/Pois      5%         N/A       93%         5
 Metabolic Englaciation   Hex/Ice        4%         N/A       93%         5
 Statue Form              Tmut/Erth      5%         N/A       100%        6


Dungeon Overview and Level Annotations

Branches:
Dungeon (8/15)             Temple (1/1) D:7           Sewer (visited)
   Lair: D:8-11

Altars:
Ashenzari
Cheibriados
Dithmenos
Fedhas
Hepliaklqana
Kikubaaqudgha
Makhleb
Okawaru
Qazlal
Ru
Trog
Uskayaw
Vehumet
Xom

Annotations:
D:4 1 transporter, caveywoolpert's ghost, amateur DEEE


Innate Abilities, Weirdness & Mutations

You are surrounded by a moderate repulsion field. (EV +3)
A demonic guardian rushes to your aid.
A meltable shield of frost defends you. (SH +4)
You have a small tail.


Message History

Confirm with . or Enter, or press ? or * to list all spells.
You conjure some foxfire!
The yak gores you! The yak closely misses you.
Casting: Foxfire (safe; 1% risk of failure)
Confirm with . or Enter, or press ? or * to list all spells.
Flames lash the yak.
The yak is heavily wounded.
The yak's fire resistance burns away.
The foxfire hits the yak.
The yak is burned terribly!
The yak is severely wounded.
The foxfire hits the yak!
The yak is burned terribly!
The yak is almost dead.
The yak completely misses you. The yak misses you.
Unknown command.
The yak attacks as you move away! The yak gores you.
Casting: Scorch (safe; 1% risk of failure)
Confirm with . or Enter, or press ? or * to list all spells.
You conjure some foxfire!
The yak gores you but does no damage. The yak gores you!
* * * LOW HITPOINT WARNING * * *
A demonic guardian appears!
Casting: Foxfire (safe; 1% risk of failure)
Confirm with . or Enter, or press ? or * to list all spells.
Flames lash the yak.
The yak is burned terribly!
You kill the yak!
Vehumet accepts your kill.
The foxfire hits the yak but does no damage.
The yak is severely wounded.
The foxfire hits the yak but does no damage.
The yak is severely wounded.
The yak barely misses you.
Your hellwing swoops through the air toward the yak!
Your hellwing barely misses the yak.
Your hellwing hits the yak but does no damage.
Unknown command.
Casting: Scorch (safe; 1% risk of failure)
Confirm with . or Enter, or press ? or * to list all spells.
Flames lash the yak.
The yak is burned terribly!
The yak is severely wounded.
The yak gores you!
You die...

#.....## #### #..##+##
##..#####....# #....# #....#
#....# #....#
#####################..#####....#
..............>.....###..#.####..
............<..†.§..#...#.....#..
..............4Y@§..#...#.....#..
....................#...#.....#..
......#'####........'...#.....#..
......#....#........#...#.....#..
###'###....#........#...##....#..
.....##....#........#...##....#..
.....#####'#........#........>'..
......#....#........#.........#..
......#....#........#...#######..


You could see a yak (combustible, ally target) and a friendly hellwing
(summoned).

Vanquished Creatures
  A yak (D:7)
  A steam dragon (D:7)
  2 water moccasins (D:7)
  4 orc warriors
  2 ice beasts (D:6)
  3 black bears
  2 ogres
  A kobold brigand (D:5)
  2 bullfrogs (Sewer)
  2 necrophages (D:6)
  2 scorpions
  A howler monkey (D:5)
  3 hounds
  5 jellies
  3 orc priests
  8 orc wizards
  5 iguanas
  Terence (D:2)
  Robin (D:2)
  11 adders
  21 gnolls
  8 river rats (Sewer)
  A shadow imp (D:6)
  A white imp (D:5)
  2 ufetubi
  2 worms
  A dart slug (D:3)
  71 orcs
  7 bats
  7 endoplasms
  6 giant cockroaches
  11 goblins
  8 hobgoblins
  13 jackals (D:5)
  2 kobolds
  10 quokkas
  13 ball pythons
  9 frilled lizards
  26 rats
279 creatures vanquished.

Vanquished Creatures (collateral kills)
  An orc (D:5)
1 creature vanquished.

Vanquished Creatures (others)
  861 foxfires
861 creatures vanquished.

Grand Total: 1141 creatures vanquished

Notes
Turn   | Place    | Note
-------+----------+-------------------------------------------
     0 | D:1      | funkygono the Demonspawn Fire Elementalist began the quest
                  | for the Orb.
     0 | D:1      | Reached XP level 1. HP: 13/13 MP: 3/3
   560 | D:1      | Gained mutation: A weak demonic guardian rushes to your
                  | aid. [demonic ancestry]
   560 | D:1      | Reached XP level 2. HP: 19/19 MP: 1/5
  1118 | D:2      | Learned a level 2 spell: Scorch
  1365 | D:2      | Gained mutation: You are surrounded by a mild repulsion
                  | field. (EV +2) [demonic ancestry]
  1365 | D:2      | Reached XP level 3. HP: 24/24 MP: 3/6
  1369 | D:2      | Learned a level 3 spell: Kindle Blastsparks
  1541 | D:2      | Noticed Robin
  1548 | D:2      | Killed Robin
  1557 | D:2      | Noticed Terence
  1567 | D:2      | Killed Terence
  1568 | D:2      | Reached XP level 4. HP: 30/30 MP: 3/8
  2316 | D:3      | Found a burning altar of Makhleb.
  2608 | D:3      | Reached skill level 3 in Spellcasting
  3121 | D:3      | Reached XP level 5. HP: 35/35 MP: 5/9
  3126 | D:3      | Learned a level 4 spell: Flame Wave
  3698 | D:4      | Found a glowing drain.
  3715 | Sewer    | Entered a sewer
  4017 | Sewer    | Gained mutation: A meltable shield of frost defends you.
                  | (SH +4) [demonic ancestry]
  4017 | Sewer    | Reached XP level 6. HP: 41/41 MP: 8/11
  4599 | Sewer    | Reached skill level 4 in Spellcasting
  4751 | D:4      | Found a transporter.
  4755 | D:4      | Noticed caveywoolpert's ghost (amateur DEEE)
  4929 | D:4      | Gained mutation: A demonic guardian rushes to your aid.
                  | [demonic ancestry]
  4929 | D:4      | Reached XP level 7. HP: 47/47 MP: 7/13
  5067 | D:4      | Found a bloodstained altar of Trog.
  5194 | D:4      | Reached skill level 5 in Fire Magic
  5855 | D:5      | Entered Level 5 of the Dungeon
  6069 | D:5      | Reached skill level 5 in Spellcasting
  6340 | D:5      | Gained mutation: You are surrounded by a moderate repulsion
                  | field. (EV +3) [demonic ancestry]
  6340 | D:5      | Reached XP level 8. HP: 53/53 MP: 10/15
  6792 | D:5      | Found a runed translucent door.
  8240 | D:5      | Reached skill level 6 in Spellcasting
  8272 | D:5      | Reached skill level 1 in Maces & Flails
  8978 | D:6      | Reached skill level 1 in Fighting
  8978 | D:6      | Reached skill level 5 in Conjurations
  9084 | D:6      | Gained mutation: You have a small tail. [demonic ancestry]
  9084 | D:6      | Reached XP level 9. HP: 59/59 MP: 13/19
  9468 | D:6      | Reached skill level 7 in Spellcasting
 10528 | D:7      | Found a shimmering altar of Xom.
 10563 | D:7      | Reached skill level 1 in Shields
 10735 | D:7      | Found a broken altar of Ashenzari.
 10829 | D:7      | Found a staircase to the Ecumenical Temple.
 10852 | Temple   | Entered the Ecumenical Temple
 10861 | Temple   | Became a worshipper of Vehumet
 10957 | D:7      | Reached skill level 8 in Spellcasting
 11284 | D:7      | Upgraded the game from 0.30-a0-652-gcc886f7154 to
                  | 0.30-a0-672-gc3a7216ad8
 11338 | D:8      | Noticed a two-headed ogre
 11349 | D:7      | Slain by a yak

Illustrated notes

Levels and vault maps discovered:
D:1:      dpeg_arrival_lava_temple_mockup, layout_basic,
          nicolae_kite_square_tiling_tiny
D:2:      layout_loops_ring, uniq_robin, uniq_terence
D:3:      layout_loops_ring, bloody_makhleb, chequers_serial_rivers_small_b,
          minmay_misc_feat_diagonals
D:4:      layout_gridville, mainiacjoe_overflow_24_doors, gammafunk_ghost_smash,
          portal_sewer_entry_f, minmay_three_crescents
D:5:      lemuel_castle_with_subvaults [lemuel_castle_interior_original],
          layout_basic, serial_curves, eino_curves_02, eino_curves_04,
          minmay_misc_feat_square, lightli_church_of_beogh
D:6:      layout_layer_cave, good_gods_mini_temple
D:7:      layout_gridville, nicolae_overflow_hidden_temple,
          mainiacjoe_overflow_boulevard, minmay_temple_entry_drinking_statues,
          corexii_item_surrounded_by_moat
D:8:      cheibrodos_wizards_tower, layout_cave_pools, lemuel_tele_altar,
          lemuel_doored_altar, mainiacjoe_overflow_surrounded_room
Temple:   nicolae_temple_ecumenical_triangle

Skill      XL: |  1  2  3  4  5  6  7  8  9 |
---------------+----------------------------+-----
Fire Magic     | 3 4 5 6 7 |  7.5
Dodging        | 2 3 |  3.8
Conjurations   | 2 3 4 5 |  5.8
Spellcasting   | 3 4 5 6 8 |  8.2
Maces & Flails | 1 |  1.5
Fighting       | 1 |  1.0
Shields        | 1 |  1.0
Stealth        | |  1.7

Action                   |  1- 3 |  4- 6 |  7- 9 || total
-------------------------+-------+-------+-------++-------
Melee: Unarmed           |     1 |       |       ||     1
       Whip              |       |    12 |    15 ||    27
       Punch             |       |     1 |       ||     1
       Mace              |       |       |    27 ||    27
 Cast: Foxfire           |    54 |   178 |   251 ||   483
       Scorch            |     2 |    13 |    60 ||    75
       Flame Wave        |       |       |     7 ||     7
  Use: Potion            |     1 |       |     1 ||     2
       Scroll            |       |     6 |    10 ||    16
Armor: Robe              |     6 |    19 |    28 ||    53
       Steam dragon scal |       |       |     6 ||     6
Dodge: Dodged            |     8 |    62 |   105 ||   175
Block: Other             |       |     5 |    21 ||    26

Table legend: (Time is in decaauts)
 A = Elapsed time spent in this place.
 B = Non-inter-level travel time spent in this place.
 C = Inter-level travel time spent in this place.
 D = Time resting spent in this place.
 E = Time spent auto-exploring this place.
 F = Levels seen in this place.
 G = Mean time per level.
                   A        B        C        D        E       F      G
               +--------+--------+--------+--------+--------+-----+--------+
         Total |  11427 |  11183 |    244 |   1032 |   7862 |  10 | 1142.7 |
       Dungeon |  10349 |  10113 |    236 |   1032 |   6991 |   8 | 1293.6 |
        Temple |     50 |     42 |      8 |      0 |     32 |   1 |   50.0 |
         Sewer |   1026 |   1026 |      0 |      0 |    838 |   1 | 1026.0 |
               +--------+--------+--------+--------+--------+-----+--------+

Top non-repeatable levels by time:
     D:5: 2844 daAuts
     D:6: 1712 daAuts
     D:3: 1329 daAuts
     D:4: 1262 daAuts
     D:2: 1212 daAuts
     D:1: 1084 daAuts
   Sewer: 1026 daAuts
     D:7: 897 daAuts
  Temple: 50 daAuts
     D:8: 6 daAuts
